 Dungeon Crawl Stone Soup version 0.27.1-34-g3ba077fa99 (webtiles) character file.

Game seed: 10252831299311256979

1168 mcbry74 the Grappler (level 8, -7/70 HPs)
             Began as a Troll Gladiator on Jan 29, 2022.
             Was a Priest of Fedhas.
             Mangled by an orc warrior (12 damage)
             ... on level 7 of the Dungeon.
             The game lasted 00:17:13 (4644 turns).

mcbry74 the Grappler (Troll Gladiator)              Turns: 4644, Time: 00:17:14

Health: -7/70      AC:  4    Str: 23    XL:     8   Next: 17%
Magic:  7/7        EV: 10    Int:  6    God:    Fedhas [***...]
Gold:   227        SH:  0    Dex: 11    Spells: 7/7 levels left

rFire    . . .     SeeInvis .     - Unarmed
rCold    . . .     Faith    .   (no shield)
rNeg     . . .     Spirit   .   a - +0 robe
rPois    .         Reflect  .   b - +0 hat
rElec    .         Harm     .   (no cloak)
rCorr    .         Rampage  .   (gloves unavailable)
Will     .....                  (boots unavailable)
Stlth    +.........             I - amulet of the acrobat
HPRegen  1.21/turn              (no ring)
MPRegen  0.10/turn              (no ring)

@: lethally poisoned (-7 -> -9)
A: large, unfitting armour, claws 3, regeneration 1, shaggy fur 1, tough skin 1
a: Renounce Religion, Wall of Briars, Grow Ballistomycete


You were on level 7 of the Dungeon.
You worshipped Fedhas.
Fedhas was most pleased with you.
You visited 1 branch of the dungeon, and saw 7 of its levels.

You collected 227 gold pieces.

Inventory:

Hand Weapons
 e - a +0 dagger of venom
 k - a +2 vorpal war axe
 s - a +4 short sword
 t - a +0 whip
 v - a +2 dagger of draining
 B - a +0 whip
 C - a +0 fustibalus
 F - a +1 flail of draining
Missiles
 c - 3 throwing nets
 d - 33 poisoned darts (quivered)
 y - 14 boomerangs
Armour
 a - a +0 robe (worn)
 b - a +0 hat (worn)
Jewellery
 g - a ring of flight
 q - an amulet of guardian spirit
 I - an amulet of the acrobat (around neck)
Wands
 p - a wand of digging (7)
Scrolls
 f - 3 scrolls of fear {unknown}
 h - a scroll of silence {unknown}
 r - 4 scrolls of teleportation {unknown}
 u - 5 scrolls of identify {unknown}
 x - a scroll of noise {unknown}
 A - a scroll of summoning {unknown}
 D - a scroll of amnesia {unknown}
 E - a scroll of torment {unknown}
 H - a scroll of magic mapping {unknown}
 J - a scroll of enchant armour {unknown}
 L - a scroll of fog {unknown}
Potions
 i - a potion of mutation {unknown}
 j - a potion of lignification {unknown}
 l - 2 potions of curing
 m - 2 potions of degeneration {unknown}
 n - 2 potions of resistance {unknown}
 o - 2 potions of might {unknown}
 w - a potion of magic {unknown}
 z - a potion of attraction {unknown}
 G - a potion of heal wounds {unknown}
 K - 2 potions of haste {unknown}


   Skills:
 - Level 1.5 Fighting
 - Level 1.7 Throwing
 - Level 2.4 Dodging
 + Level 10.2 Unarmed Combat


You had 7 spell levels left.
You didn't know any spells.
Your spell library was empty.

Dungeon Overview and Level Annotations

Branches:
Dungeon (7/15)             Temple (0/1) D:6

Altars:
Fedhas
Makhleb
Nemelex Xobeh
Vehumet
Wu Jian

Shops:
D:5 [


Innate Abilities, Weirdness & Mutations

You are too large for most types of armour.
You have claws for hands.
Your natural rate of healing is unusually fast.
You are covered in fur. (AC +1)
You have tough skin. (AC +1)


Message History

You are more poisoned.
The orc warrior hits you with a +0 hand axe!
* * * LOW HITPOINT WARNING * * *
It was a potion of curing.
You feel better. The orc hits you but does no damage.
You are poisoned.
The orc warrior hits you with a +0 hand axe.
* * * LOW HITPOINT WARNING * * *
You barely miss the orc warrior.
The orc warrior is severely wounded.
You feel sick.
The orc warrior hits you with a +0 hand axe.
* * * LOW HITPOINT WARNING * * *
The orc hits you with a +2 dagger of venom.
* * * LOW HITPOINT WARNING * * *
You are more poisoned.
You barely miss the orc warrior.
You claw the orc warrior, but do no damage.
The orc warrior is severely wounded.
* * * LOW HITPOINT WARNING * * *
You feel very sick.
The orc hits you with a +2 dagger of venom.
* * * LOW HITPOINT WARNING * * *
You are lethally poisoned!
The orc warrior barely misses you.
You feel better.
The orc hits you with a +2 dagger of venom.
* * * LOW HITPOINT WARNING * * *
You are poisoned.
The orc warrior hits you with a +0 hand axe.
* * * LOW HITPOINT WARNING * * *
You scratch the orc warrior. Your claw misses the orc warrior.
The orc warrior is almost dead.
You feel very sick.
You barely miss the orc warrior.
The orc warrior is almost dead.
You feel very sick.
The orc warrior hits you with a +0 hand axe!
You die...
Fedhas appreciates your contribution to the ecosystem.

#.#.#......
.####.#.#.......
.((.....#.......
o..(............
................
..........!.....
......)....<....
#oo...# #.@...#
#.....# #######


You could see an orc warrior and an orc.

Vanquished Creatures
  An ice beast (D:5)
  A sky beast (D:6)
  A necrophage (D:6)
  An ogre (D:6)
  A phantom (D:5)
  A bullfrog (D:6)
  2 scorpions
  2 howler monkeys (D:5)
  A jelly (D:6)
  A centaur zombie (D:6)
  A hound (D:6)
  3 orc priests
  An iguana (D:5)
  Terence (D:2)
  2 orc wizards
  A hound skeleton (D:5)
  Robin (D:3)
  2 adders
  A shadow imp (D:6)
  A white imp (D:5)
  An ufetubus (D:6)
  4 worms
  3 dart slugs
  17 orcs
  3 bats
  3 endoplasms
  A giant cockroach (D:2)
  14 goblins
  5 hobgoblins
  3 jackals (D:3)
  4 quokkas
  4 ball pythons
  3 frilled lizards
  9 kobolds
  4 rats
104 creatures vanquished.

Vanquished Creatures (others)
  5 plants
5 creatures vanquished.

Grand Total: 109 creatures vanquished

Notes
Turn   | Place    | Note
-------+----------+-------------------------------------------
     0 | D:1      | mcbry74 the Troll Gladiator began the quest for the Orb.
     0 | D:1      | Reached XP level 1. HP: 19/19 MP: 0/0
   426 | D:1      | Found a faded altar of an unknown god.
   519 | D:1      | Reached XP level 2. HP: 21/27 MP: 1/1
   926 | D:1      | Became a worshipper of Fedhas Madash
   926 | D:1      | Reached * piety under Fedhas
  1058 | D:2      | Noticed Terence
  1073 | D:2      | Killed Terence
  1074 | D:2      | Reached skill level 4 in Unarmed Combat
  1074 | D:2      | Reached XP level 3. HP: 25/33 MP: 2/2
  1150 | D:2      | You fall into a shaft and drop 1 floor!
  1192 | D:3      | Noticed Robin
  1217 | D:3      | Killed Robin
  1228 | D:3      | Reached XP level 4. HP: 39/41 MP: 3/3
  1240 | D:3      | Reached skill level 5 in Unarmed Combat
  1279 | D:3      | Reached ** piety under Fedhas
  1445 | D:3      | Reached XP level 5. HP: 45/48 MP: 4/4
  1546 | D:2      | Found a blossoming altar of Fedhas.
  1725 | D:2      | Reached skill level 6 in Unarmed Combat
  2356 | D:4      | Found a sparkling altar of Nemelex Xobeh.
  2793 | D:4      | Reached XP level 6. HP: 51/55 MP: 5/5
  3170 | D:4      | Found a radiant altar of Vehumet.
  3183 | D:4      | Reached skill level 7 in Unarmed Combat
  3184 | D:4      | Reached *** piety under Fedhas
  3541 | D:5      | Entered Level 5 of the Dungeon
  3593 | D:5      | Noticed an ice beast
  3603 | D:5      | Killed an ice beast
  3654 | D:5      | Found Homikyff's Antique Armour Shop.
  3684 | D:5      | Reached skill level 8 in Unarmed Combat
  3684 | D:5      | Reached XP level 7. HP: 17/62 MP: 6/6
  3820 | D:5      | Found a burning altar of Makhleb.
  3820 | D:5      | Noticed a blizzard demon
  4164 | D:6      | Reached skill level 9 in Unarmed Combat
  4385 | D:6      | Reached XP level 8. HP: 70/70 MP: 7/7
  4456 | D:6      | Found a staircase to the Ecumenical Temple.
  4477 | D:6      | Reached skill level 10 in Unarmed Combat
  4584 | D:6      | Found an ornate altar of the Wu Jian Council.
  4644 | D:7      | Mangled by an orc warrior

Illustrated notes

Levels and vault maps discovered:
D:1:      mrwooster_arrival_statue_3, layout_loops_ring, basic_ecumenical_altar,
          serial_forest, infiniplex_forest_lined_ring,
          infiniplex_forest_corner_1, infiniplex_forest_lined_3_way,
          infiniplex_forest_lined_room_2, infiniplex_forest_zigzag_1,
          infiniplex_forest_clump_long, infiniplex_forest_straight_2
D:2:      minmay_wonky_spiral, layout_basic, basic_altar, dk_vineyard_2,
          uniq_terence
D:3:      layout_rooms, uniq_robin
D:4:      layout_layer_cave, kennysheep_mini, nicolae_vehumet_altar_sigil
D:5:      layout_rooms, makhleb_altar_promises_db, serial_shops,
          nicolae_shop_overgrown_old_shop, chequers_mini_garden
D:6:      layout_rooms, nicolae_wu_jian_immortal_techniques,
          minmay_temple_entry_statues
D:7:      layout_basic, lemuel_coloured_pillars_altar,
          nicolae_ossuary_entry_giza

Skill      XL: |  1  2  3  4  5  6  7  8 |
---------------+-------------------------+-----
Unarmed Combat | 4 5 6 8 9 10 | 10.2
Fighting       | |  1.5
Throwing       | |  1.7
Dodging        | |  2.4

Action                   |  1- 3 |  4- 6 |  7- 9 || total
-------------------------+-------+-------+-------++-------
Melee: Dagger            |    50 |   126 |       ||   176
       Punch             |       |     4 |     4 ||     8
       Unarmed           |       |    32 |    69 ||   101
Throw: Dart              |     2 |     1 |    12 ||    15
  Use: Potion            |       |       |     2 ||     2
 Stab: Sleeping          |     1 |       |       ||     1
Armor: Robe              |    17 |    47 |    16 ||    80
Dodge: Dodged            |    18 |    96 |    20 ||   134
